AoeStats
← redoubz

Migration

510005429Analyzed
1v1 RM · 4d ago on Sep 29, 2026· 36m 11s· 2 players
Game mode
Random Map
Map size
132×132
Population
200
Speed
Normal
Resources
Standard
Victory
Conquest
Starting age
Dark Age
Ending age
Imperial Age
RankedLock teamsTeams togetherTeam positionsShared explorationLock speedFull tech treeHidden civsTurbo modeCheats
Victory
Defeat
🇨🇦 Varangians · Canada
1037
+15
🇲🇽 Wu · Mexico
1013
-15
Chisto
7:02 Loom
10:29 Feudal Age
11:02 Double-Bit Axe
12:56 Fishing Lines
17:33 Castle Age
16:55 Stone Mining
25:47 Imperial Age
23:12 Fletching
24:12 Gold Mining
24:52 Bow Saw
27:42 Two-Man Saw
27:21 Gold Shaft Mining
27:59 Bodkin Arrow
28:34 Ballistics
redoubz
12:10 Feudal Age
12:09 Loom
12:48 Fishing Lines
13:37 Double-Bit Axe
13:34 Horse Collar
15:37 Gold Mining
16:47 Wheelbarrow
17:56 Scale Barding Armor
18:02 Forging
18:20 Bloodlines
23:10 Castle Age
25:18 Light Cavalry
25:59 Husbandry
28:56 Hand Cart
29:28 Medium Warships
29:44 Chain Barding Armor
30:00 Iron Casting
34:04 Fletching
34:14 Padded Archer Armor
Connection lost

Rejoining the realm…

Still unreachable

The connection could not be restored.

Session expired

The server has moved on; the page needs a fresh start.